 Dungeon Crawl Stone Soup version 0.23.2-33-g5129a83 (webtiles) character file.

Game seed: 6282813368362893361

167 Fortress the Firebug (level 5, -3/38 HPs)
             Began as a Draconian Fire Elementalist on July 14, 2019.
             Slain by an adder (5 damage)
             ... in a sewer.
             The game lasted 00:11:32 (3181 turns).

Fortress the Firebug (Draconian Fire Elementalist)  Turns: 3181, Time: 00:11:33

Health: -3/38      AC:  5    Str: 15    XL:     5   Next: 23%
Magic:  0/10       EV: 12    Int: 17    God:
Gold:   90         SH:  0    Dex: 11    Spells: 10/11 levels left

rFire    . . .     SeeInvis .   a - +0 dagger
rCold    . . .     Gourm    .   (no shield)
rNeg     . . .     Faith    .   (armour unavailable)
rPois    .         Spirit   .   (helmet restricted)
rElec    .         Reflect  .   (no cloak)
rCorr    .         Harm     .   (no gloves)
MR       .....                  (no boots)
Stlth    +.........             (no amulet)
HPRegen  0.12/turn              (no ring)
MPRegen  0.12/turn              (no ring)

@: mighty, lethally poisoned (-3 -> -6), very slow
A: unfitting armour, cold-blooded, AC +5
a: no special abilities


You were in a sewer.
You were not hungry.

You visited 1 branch of the dungeon, and saw 3 of its levels.
You also visited: Sewer.

You collected 90 gold pieces.

Inventory:

Hand Weapons
 a - a +0 dagger (weapon)
 g - a +0 hunting sling
Missiles
 l - 82 stones (quivered)
Jewellery
 f - an uncursed ring of fire {unknown}
 m - a +5 ring of protection {unknown}
Wands
 t - a wand of clouds (7)
Scrolls
 c - 2 scrolls of random uselessness {unknown}
 d - a scroll of fog {unknown}
 e - 2 scrolls of identify {unknown}
 h - a scroll of amnesia {unknown}
 i - a scroll of immolation {unknown}
 k - 2 scrolls of magic mapping {unknown}
 r - 3 scrolls of teleportation {unknown}
Potions
 j - 2 potions of might
 n - a potion of curing {unknown}
 o - a potion of agility {unknown}
 p - a potion of cancellation {unknown}
 q - a potion of haste {unknown}
Comestibles
 b - 5 rations
 s - 4 chunks of flesh


   Skills:
 + Level 2.2 Dodging
 + Level 2.0 Stealth
 + Level 3.5 Spellcasting
 + Level 1.7 Conjurations
 + Level 4.2 Fire Magic


You had 10 spell levels left.
You knew the following spells:

 Your Spells              Type           Power        Failure   Level  Hunger
a - Flame Tongue          Conj/Fire      ##...        4%          1    None

Your spell library contained the following spells:

 Spells                   Type           Power        Failure   Level  Hunger
 Throw Flame              Conj/Fire      ##....       7%          2    ##.....
 Conjure Flame            Conj/Fire      ##......     14%         3    ###....
 Inner Flame              Hex/Fire       ##......     21%         3    ###....
 Sticky Flame             Conj/Fire      ##......     43%         4    ####...
 Fireball                 Conj/Fire      ##........   78%         5    ######.


Dungeon Overview and Level Annotations

Branches:
Dungeon (3/15)

Altars:


Innate Abilities, Weirdness & Mutations

Your plain brown scales are hard. (AC +5)
You cannot fit into any form of body armour.
You are cold-blooded and may be slowed by cold attacks.


Message History

It was a potion of might.
You feel very mighty all of a sudden.
You feel sick. The adder barely misses you. The ball python closely misses you.
* * * LOW HITPOINT WARNING * * *
The ball python constricts you.
Your unstable footing causes you to fumble your attack.
The adder bites you.
* * * LOW HITPOINT WARNING * * *
The ball python closely misses you. The ball python constricts you.
The adder barely misses you.
Casting: Flame Tongue (safe; 4% risk of failure)
Confirm with . or Enter, or press ? or * to list all spells.
Aiming: Flame Tongue (safe; 4% risk of failure)
Press: ? - help, Shift-Dir - straight line, f - ball python
Aim: a ball python (constricting you)
The flame tongue hits the ball python!
You kill the ball python!
* * * LOW HITPOINT WARNING * * *
You feel sick. The adder bites you.
You die...

. .. ... ....
###################
.....#†≈≈≈≈≈≈≈≈≈≈≈≈≈≈#.#
#....≈≈§≈≈≈≈.≈≈≈≈≈≈≈≈≈..
#....††@≈≈≈.).≈≈≈≈≈≈≈...
#....≈S≈≈≈≈..≈≈≈≈≈≈≈≈...
##....≈≈≈≈≈≈.≈≈≈≈≈≈≈≈...
###..≈≈≈≈≈≈≈≈≈≈≈≈≈≈≈#..
####################.
#### #..# #..' ####


You could see an adder.

Vanquished Creatures
  3 adders
  5 river rats
  3 oozes
  A worm (D:3)
  A dart slug (D:1)
  3 leopard geckos
  6 giant cockroaches
  3 goblins
  5 hobgoblins
  8 ball pythons
  5 bats
  4 frilled lizards
  4 kobolds
  39 rats
90 creatures vanquished.

Notes
Turn   | Place    | Note
-------+----------+-------------------------------------------
     0 | D:1      | Fortress the Draconian Fire Elementalist began the quest
                  | for the Orb.
     0 | D:1      | Reached XP level 1. HP: 14/14 MP: 3/3
   131 | D:1      | Reached XP level 2. HP: 20/20 MP: 0/5
   829 | D:1      | Reached XP level 3. HP: 26/26 MP: 4/6
  2675 | D:3      | Reached XP level 4. HP: 33/33 MP: 5/8
  2686 | D:3      | Found a glowing drain.
  2698 | D:3      | Reached skill level 4 in Fire Magic
  2706 | Sewer    | Entered a sewer
  2999 | Sewer    | Reached XP level 5. HP: 37/38 MP: 3/10
  3181 | Sewer    | Slain by an adder

Skill      XL: |  1  2  3  4 |
---------------+-------------+-----
Spellcasting   | 3 |  3.5
Dodging        | 2 |  2.2
Stealth        | 2 |  2.0
Fire Magic     | 4 |  4.2
Conjurations   | |  1.7

Action                   |  1- 3 |  4- 6 || total
-------------------------+-------+-------++-------
Melee: Unarmed           |     4 |       ||     4
       Tailslap          |     2 |     2 ||     4
       Dagger            |     7 |    22 ||    29
 Cast: Flame Tongue      |    86 |    49 ||   135
  Use: Potion            |       |     1 ||     1
  Eat: Chunk             |     3 |     1 ||     4
       Ration            |     1 |       ||     1
Armor: Skin              |     6 |    33 ||    39
Dodge: Dodged            |    22 |    49 ||    71
